 Dungeon Crawl Stone Soup version 0.21.1-1-g345015f (webtiles) character file.

2498 tidbits the Insei (level 9, 6/68 HPs)
             Began as a Gnoll Transmuter on Feb 6, 2018.
             Quit the game in a bailey.
             The game lasted 00:13:48 (1897 turns).

tidbits the Insei (Gnoll Transmuter)                Turns: 1897, Time: 00:13:49

Health: 6/68       AC:  5    Str: 12    XL:     9   Next: 52%
Magic:  13/19      EV: 16    Int: 23    God:
Gold:   336        SH:  0    Dex: 17    Spells: 2/21 levels left

rFire    . . .     SeeInvis .   d - +0 dagger
rCold    . . .     Gourm    .   (no shield)
rNeg     . . .     Faith    .   b - +0 robe
rPois    .         Spirit   .   (no helmet)
rElec    .         Reflect  .   C - +2 cloak
rCorr    .         Harm     .   (no gloves)
MR       .....                  (no boots)
Stlth    +++.......             (no amulet)
HPRegen  0.21/turn              (no ring)
MPRegen  0.16/turn              (no ring)

@: brilliant, very slightly contaminated, invisible
A: distributed training, fangs 1, strong nose
a: no special abilities


You were in a bailey.
You were not hungry.

You visited 1 branch of the dungeon, and saw 8 of its levels.
You also visited: Ossuary and Bailey.

You collected 336 gold pieces.

Inventory:

Hand Weapons
 d - a +0 dagger (weapon)
 e - a +0 flail
 h - a +1 vampiric hand axe
   (You found it on level 1 of the Dungeon)
 k - a cursed -1 hand axe
 p - a +0 hunting sling
 t - a +0 blowgun
Missiles
 a - 26 arrows
 u - 9 poisoned needles
Armour
 b - a +0 robe (worn)
 C - a +2 cloak (worn)
 D - a +2 large shield
Wands
 j - a wand of random effects (28)
 o - a wand of enslavement (9)
 w - a wand of iceblast (4)
Scrolls
 f - a scroll of immolation {unknown}
 i - 2 scrolls of teleportation
 l - 2 scrolls of amnesia
 m - a scroll of fog {unknown}
 n - 2 scrolls of noise
 r - 6 scrolls of remove curse
 y - a scroll of vulnerability
Potions
 q - a potion of agility
 z - 2 potions of lignification
 A - 2 potions of might
Books
 g - a book of Changes

   Spells                             Type                      Level
   a - Beastly Appendage              Transmutation                1
   b - Sticks to Snakes               Transmutation                2
   c - Spider Form                    Transmutation/Poison         3
   d - Ice Form                       Ice/Transmutation            4
   e - Blade Hands                    Transmutation                5
 B - a book of Callings
   (You found it on level 5 of the Dungeon)

   Spells                             Type                      Level
   a - Summon Small Mammal            Summoning                    1
   b - Call Imp                       Summoning                    2
   c - Call Canine Familiar           Summoning                    3
   d - Summon Guardian Golem          Hexes/Summoning              3
   e - Summon Lightning Spire         Summoning/Air                4
   f - Summon Ice Beast               Ice/Summoning                4
Comestibles
 c - 14 rations


   Skills:
 + Level 5.0 Fighting
 + Level 4.2 Short Blades
 + Level 4.2 Long Blades
 + Level 4.2 Axes
 + Level 4.2 Maces & Flails
 + Level 4.2 Polearms
 + Level 4.2 Staves
 + Level 4.2 Slings
 + Level 4.2 Bows
 + Level 4.2 Crossbows
 + Level 4.2 Throwing
 + Level 4.2 Armour
 + Level 6.3 Dodging
 + Level 4.2 Stealth
 + Level 4.2 Shields
 + Level 7.9 Unarmed Combat
 + Level 6.6 Spellcasting
 + Level 3.5 Conjurations
 + Level 3.5 Hexes
 + Level 3.5 Charms
 + Level 3.5 Summonings
 + Level 3.5 Necromancy
 + Level 3.5 Translocations
 + Level 5.2 Transmutations
 + Level 3.5 Fire Magic
 + Level 3.5 Ice Magic
 + Level 3.5 Air Magic
 + Level 3.5 Earth Magic
 + Level 3.5 Poison Magic
 + Level 4.7 Invocations
 + Level 4.2 Evocations


You had 2 spell levels left.
You knew the following spells:

 Your Spells              Type           Power        Failure   Level  Hunger
e - Beastly Appendage     Tmut           #####.       1%          1    None
h - Blade Hands           Tmut           #####.....   3%          5    #####..
i - Ice Form              Ice/Tmut       #####...     1%          4    ###....
k - Sticks to Snakes      Tmut           #####...     1%          2    None
p - Spider Form           Tmut/Pois      #####.....   1%          3    None
L - Summon Lightning Spi  Summ/Air       #####...     2%          4    ###....


Dungeon Overview and Level Annotations

Branches:
Dungeon (8/15)
 Temple: D:4-7         Lair: D:8-11

Altars:
Dithmenos
Fedhas
Yredelemnul


Innate Abilities, Weirdness & Mutations

Your experience applies equally to all skills.
You have very sharp teeth.
Your uncanny sense of smell can sniff out nearby items.


Message History

The orc completely misses you.
The orc warrior hits you with a hand axe!
* * * LOW HITPOINT WARNING * * *
You hit the orc warrior but do no damage.
The orc warrior is severely wounded.
The orc hits you with a hand axe!
* * * LOW HITPOINT WARNING * * *
The orc warrior completely misses you. The orc warrior barely misses you.
You bite the orc warrior!
The orc warrior is almost dead.
Your adder bites the orc.
The orc is poisoned.
Your adder poisons the orc!
The orc warrior misses you. The orc completely misses you.
The orc barely misses your adder. The orc warrior completely misses you.
The orc warrior hits your adder with a war axe!
Your adder dies!
You hit the orc warrior.
You kill the orc warrior!
Your Fighting skill increases to level 5!
The orc closely misses you. The orc warrior closely misses you.
You bite the orc warrior!
The orc warrior is poisoned.
The orc warrior is heavily wounded.
The gnoll hits you with a hand axe.
* * * LOW HITPOINT WARNING * * *
You bite the orc warrior!
The orc warrior looks as sick as possible!
The orc warrior is severely wounded.
The orc misses you.
The orc warrior hits you with a hand axe!
* * * LOW HITPOINT WARNING * * *
The gnoll closely misses you.
You hit the orc warrior.
The orc warrior looks as sick as possible!
The orc warrior is almost dead.
You kill the orc warrior!
The orc completely misses you.
You closely miss the orc.
The orc is almost dead.
The orc dies!
The gnoll misses you.
You barely miss the gnoll. The gnoll misses you.
You hit the gnoll.
The gnoll is poisoned.
The gnoll is moderately wounded.
The gnoll completely misses you.
You bite the gnoll!
You kill the gnoll!
There is an open gate here.
Things that are here:
a hand axe; a ring mail; an orc corpse
There is an open gate, spattered with blood here.
Items here: )) [[ ††
There is an open gate, spattered with blood here.
Items here: )) [[ † a hand axe; a leather armour; a war axe; a ring mail; a gnoll corpse It was a potion of brilliance.
You feel clever all of a sudden.
It was a potion of invisibility.
You fade into invisibility!
You are very lightly contaminated with residual magic.
Your transformation has ended.
Your +0 dagger unmelds from your body.
Your +2 cloak unmelds from your body.
Your +0 robe unmelds from your body.
You open the large door.
There is a large open door here.
A goblin and an orc high priest come into view.
Found a runed whip.
Found an iron altar of Okawaru.
An orc, an orc warrior and an orc sorcerer come into view.
Found a club.
A goblin comes into view. It is wielding a hand axe.
The orc high priest invokes the aid of Beogh against you.
Pain shoots through your body!
* * * LOW HITPOINT WARNING * * *
Found a spear and a glowing flail.
Unknown command.
You feel a little less agile now.
Unknown command.
The helpless goblin fails to defend itself.
You impale the goblin!!
You kill the goblin!
The orc sorcerer shouts!
The orc shouts!
The goblin shouts!
The orc sorcerer gestures wildly while chanting.
Evoke which item? (* to show all) (? for menu, Esc to quit)
Aiming: Enslavement
Press: ? - help, Shift-Dir - straight line, f - orc high priest
Aim: an orc high priest, wielding an enchanted war axe and wearing a ring mail (chance to defeat MR: 24%)
The orc high priest resists with almost no effort.
The orc high priest hits you with an enchanted war axe!
* * * LOW HITPOINT WARNING * * *
The sixfirhy barely misses you.
Unknown command.
Evoke which item? (* to show all) (? for menu, Esc to quit)
Aiming: Enslavement
Press: ? - help, Shift-Dir - straight line, f/p - orc high priest
Aim: an orc high priest, wielding an enchanted war axe and wearing a ring mail (chance to defeat MR: 24%)
The orc high priest resists with almost no effort.
The sixfirhy completely misses you. x2; The sixfirhy closely misses you.
The orc misses you.
The orc sorcerer's eyes start to glow.
The orc high priest hits you but does no damage.
The sixfirhy misses you.
Are you sure you want to abandon this character and quit the game? (Confirm with "yes".)

###### #))..#
∆ )).. ∆
###########
##+#...3......
+.....@oo_....
#.8....og.....
#.......o.....
#.8.##########
#.....#######
#.8...#.....#
#.....#.....#
####..#..⌠..#
#..'.....+


You could see an orc high priest, a sixfirhy, an orc sorcerer, an orc warrior
(wandering), an orc and a goblin.

Vanquished Creatures
  A spriggan (D:7)
  6 yaks (D:6)
  3 orc warriors
  A phantom (D:4)
  An ogre (D:6)
  Blork the orc (D:5)
  3 elf zombies
  4 bullfrogs
  A scorpion (D:7)
  A howler monkey (D:5)
  2 human zombies (Ossuary)
  A quasit (D:7)
  An orc priest (D:7)
  A human skeleton (D:6)
  2 worker ants (D:6)
  3 hound zombies
  3 mummies (Ossuary)
  A howler monkey zombie (D:5)
  3 adders
  5 gnolls
  An ooze (D:2)
  A worm (D:5)
  A dart slug (D:1)
  4 leopard geckos
  3 orcs (D:7)
  A bat (D:1)
  4 giant cockroaches
  2 goblins
  4 hobgoblins
  A jackal (D:4)
  3 kobolds
  3 quokkas
  A leopard gecko skeleton (D:4)
  2 orc skeletons (D:6)
  An orc zombie (D:6)
  3 rats
  A rat zombie (Ossuary)
80 creatures vanquished.

Vanquished Creatures (collateral kills)
  A hound zombie (Ossuary)
  A mummy (Ossuary)
  An adder (D:7)
  An adder zombie (Ossuary)
  An orc (Bailey)
  A goblin zombie (Ossuary)
  A hobgoblin zombie (Ossuary)
  A rat zombie (Ossuary)
8 creatures vanquished.

Grand Total: 88 creatures vanquished

Notes
Turn   | Place    | Note
-------+----------+-------------------------------------------
     0 | D:1      | tidbits the Gnoll Transmuter began the quest for the Orb.
     0 | D:1      | Reached XP level 1. HP: 17/17 MP: 6/6
   144 | D:1      | Reached XP level 2. HP: 19/23 MP: 7/7
   148 | D:1      | Learned a level 2 spell: Sticks to Snakes
   448 | D:4      | Reached XP level 3. HP: 23/28 MP: 7/9
   455 | D:3      | Learned a level 3 spell: Spider Form
   506 | D:4      | Noticed a phantom
   506 | D:4      | Reached skill level 5 in Spellcasting
   533 | D:4      | Killed a phantom
   533 | D:4      | Reached skill level 1 in Short Blades
   533 | D:4      | Reached skill level 1 in Long Blades
   533 | D:4      | Reached skill level 1 in Axes
   533 | D:4      | Reached skill level 1 in Maces & Flails
   533 | D:4      | Reached skill level 1 in Polearms
   533 | D:4      | Reached skill level 1 in Staves
   533 | D:4      | Reached skill level 1 in Slings
   533 | D:4      | Reached skill level 1 in Bows
   533 | D:4      | Reached skill level 1 in Crossbows
   533 | D:4      | Reached skill level 1 in Throwing
   533 | D:4      | Reached skill level 1 in Armour
   533 | D:4      | Reached skill level 1 in Stealth
   533 | D:4      | Reached skill level 1 in Shields
   533 | D:4      | Reached skill level 1 in Conjurations
   533 | D:4      | Reached skill level 1 in Hexes
   533 | D:4      | Reached skill level 1 in Charms
   533 | D:4      | Reached skill level 1 in Summonings
   533 | D:4      | Reached skill level 1 in Necromancy
   533 | D:4      | Reached skill level 1 in Translocations
   533 | D:4      | Reached skill level 1 in Fire Magic
   533 | D:4      | Reached skill level 1 in Ice Magic
   533 | D:4      | Reached skill level 1 in Air Magic
   533 | D:4      | Reached skill level 1 in Earth Magic
   533 | D:4      | Reached skill level 1 in Poison Magic
   533 | D:4      | Reached skill level 1 in Invocations
   533 | D:4      | Reached skill level 1 in Evocations
   533 | D:4      | Reached XP level 4. HP: 16/34 MP: 2/11
   533 | D:4      | Reached XP level 5. HP: 19/40 MP: 2/12
   784 | D:5      | Entered Level 5 of the Dungeon
   808 | D:5      | Reached skill level 3 in Fighting
   808 | D:5      | Reached skill level 4 in Transmutations
   847 | D:5      | Noticed Blork the orc
   852 | D:5      | Killed Blork the orc
   852 | D:5      | Reached skill level 2 in Invocations
   852 | D:5      | Reached XP level 6. HP: 21/47 MP: 11/14
   889 | D:6      | Noticed a yak
   896 | D:6      | Reached skill level 2 in Short Blades
   896 | D:6      | Reached skill level 2 in Long Blades
   896 | D:6      | Reached skill level 2 in Axes
   896 | D:6      | Reached skill level 2 in Maces & Flails
   896 | D:6      | Reached skill level 2 in Polearms
   896 | D:6      | Reached skill level 2 in Staves
   896 | D:6      | Reached skill level 2 in Slings
   896 | D:6      | Reached skill level 2 in Bows
   896 | D:6      | Reached skill level 2 in Crossbows
   896 | D:6      | Reached skill level 2 in Throwing
   896 | D:6      | Reached skill level 2 in Armour
   896 | D:6      | Reached skill level 5 in Dodging
   896 | D:6      | Reached skill level 2 in Stealth
   896 | D:6      | Reached skill level 2 in Shields
   896 | D:6      | Reached skill level 2 in Evocations
   898 | D:6      | Noticed a yak
   900 | D:6      | Noticed a yak
   906 | D:6      | Found a blossoming altar of Fedhas.
   910 | D:6      | Noticed a yak
   911 | D:6      | Noticed a yak
   913 | D:6      | Noticed a yak
   915 | D:6      | Killed a yak
   915 | D:6      | Reached XP level 7. HP: 21/52 MP: 6/15
   924 | D:6      | Killed a yak
   924 | D:6      | Reached skill level 7 in Unarmed Combat
   924 | D:6      | Reached skill level 2 in Conjurations
   924 | D:6      | Reached skill level 2 in Hexes
   924 | D:6      | Reached skill level 2 in Charms
   924 | D:6      | Reached skill level 2 in Summonings
   924 | D:6      | Reached skill level 2 in Necromancy
   924 | D:6      | Reached skill level 2 in Translocations
   924 | D:6      | Reached skill level 2 in Fire Magic
   924 | D:6      | Reached skill level 2 in Ice Magic
   924 | D:6      | Reached skill level 2 in Air Magic
   924 | D:6      | Reached skill level 2 in Earth Magic
   924 | D:6      | Reached skill level 2 in Poison Magic
   932 | D:6      | Killed a yak
   932 | D:6      | Reached skill level 3 in Invocations
   944 | D:6      | Killed a yak
   944 | D:6      | Reached XP level 8. HP: 25/60 MP: 6/16
   953 | D:6      | Killed a yak
   953 | D:6      | Reached skill level 4 in Fighting
   953 | D:6      | Reached skill level 3 in Short Blades
   953 | D:6      | Reached skill level 3 in Long Blades
   953 | D:6      | Reached skill level 3 in Axes
   953 | D:6      | Reached skill level 3 in Maces & Flails
   953 | D:6      | Reached skill level 3 in Polearms
   953 | D:6      | Reached skill level 3 in Staves
   953 | D:6      | Reached skill level 3 in Slings
   953 | D:6      | Reached skill level 3 in Bows
   953 | D:6      | Reached skill level 3 in Crossbows
   953 | D:6      | Reached skill level 3 in Throwing
   953 | D:6      | Reached skill level 3 in Armour
   953 | D:6      | Reached skill level 3 in Stealth
   953 | D:6      | Reached skill level 3 in Shields
   953 | D:6      | Reached skill level 3 in Evocations
  1034 | D:6      | Reached skill level 6 in Spellcasting
  1061 | D:6      | Killed a yak
  1184 | D:6      | Found a sand-covered staircase.
  1199 | Ossuary  | Entered an ossuary
  1248 | Ossuary  | Reached skill level 3 in Conjurations
  1248 | Ossuary  | Reached skill level 3 in Hexes
  1248 | Ossuary  | Reached skill level 3 in Charms
  1248 | Ossuary  | Reached skill level 3 in Summonings
  1248 | Ossuary  | Reached skill level 3 in Necromancy
  1248 | Ossuary  | Reached skill level 3 in Translocations
  1248 | Ossuary  | Reached skill level 3 in Fire Magic
  1248 | Ossuary  | Reached skill level 3 in Ice Magic
  1248 | Ossuary  | Reached skill level 3 in Air Magic
  1248 | Ossuary  | Reached skill level 3 in Earth Magic
  1248 | Ossuary  | Reached skill level 3 in Poison Magic
  1248 | Ossuary  | Reached skill level 4 in Invocations
  1397 | Ossuary  | Learned a level 4 spell: Ice Form
  1403 | Ossuary  | Learned a level 5 spell: Blade Hands
  1434 | D:7      | Reached skill level 6 in Dodging
  1434 | D:7      | Reached XP level 9. HP: 61/66 MP: 18/18
  1445 | D:6      | Reached skill level 5 in Transmutations
  1504 | D:5      | Learned a level 4 spell: Summon Lightning Spire
  1537 | D:5      | Found a basalt altar of Yredelemnul.
  1609 | D:7      | Found a shadowy altar of Dithmenos.
  1713 | D:7      | Reached skill level 4 in Short Blades
  1713 | D:7      | Reached skill level 4 in Long Blades
  1713 | D:7      | Reached skill level 4 in Axes
  1713 | D:7      | Reached skill level 4 in Maces & Flails
  1713 | D:7      | Reached skill level 4 in Polearms
  1713 | D:7      | Reached skill level 4 in Staves
  1713 | D:7      | Reached skill level 4 in Slings
  1713 | D:7      | Reached skill level 4 in Bows
  1713 | D:7      | Reached skill level 4 in Crossbows
  1713 | D:7      | Reached skill level 4 in Throwing
  1713 | D:7      | Reached skill level 4 in Armour
  1713 | D:7      | Reached skill level 4 in Stealth
  1713 | D:7      | Reached skill level 4 in Shields
  1713 | D:7      | Reached skill level 4 in Evocations
  1826 | D:8      | Found a flagged portal.
  1840 | Bailey   | Entered a bailey
  1869 | Bailey   | Reached skill level 5 in Fighting
  1889 | Bailey   | Found an iron altar of Okawaru.
  1889 | Bailey   | Noticed an orc high priest
  1890 | Bailey   | Noticed an orc sorcerer
  1895 | Bailey   | Noticed a sixfirhy
  1895 | Bailey   | HP: 5/68 [orc high priest/enchanted war axe (10)]
  1897 | Bailey   | Quit the game

Skill      XL: |  1  2  3  4  5  6  7  8  9 |
---------------+----------------------------+-----
Spellcasting   | 5 6 |  6.6
Short Blades   | 1 2 3 4 |  4.2
Long Blades    | 1 2 3 4 |  4.2
Axes           | 1 2 3 4 |  4.2
Maces & Flails | 1 2 3 4 |  4.2
Polearms       | 1 2 3 4 |  4.2
Staves         | 1 2 3 4 |  4.2
Slings         | 1 2 3 4 |  4.2
Bows           | 1 2 3 4 |  4.2
Crossbows      | 1 2 3 4 |  4.2
Throwing       | 1 2 3 4 |  4.2
Armour         | 1 2 3 4 |  4.2
Stealth        | 1 2 3 4 |  4.2
Shields        | 1 2 3 4 |  4.2
Conjurations   | 1 2 3 |  3.5
Hexes          | 1 2 3 |  3.5
Charms         | 1 2 3 |  3.5
Summonings     | 1 2 3 |  3.5
Necromancy     | 1 2 3 |  3.5
Translocations | 1 2 3 |  3.5
Fire Magic     | 1 2 3 |  3.5
Ice Magic      | 1 2 3 |  3.5
Air Magic      | 1 2 3 |  3.5
Earth Magic    | 1 2 3 |  3.5
Poison Magic   | 1 2 3 |  3.5
Invocations    | 1 2 3 4 |  4.7
Evocations     | 1 2 3 4 |  4.2
Fighting       | 3 4 5 |  5.0
Transmutations | 4 5 |  5.2
Dodging        | 5 6 |  6.3
Unarmed Combat | 7 |  7.9

Action                   |  1- 3 |  4- 6 |  7- 9 || total
-------------------------+-------+-------+-------++-------
Melee: Unarmed           |    59 |    46 |   178 ||   283
       Kick              |     8 |       |       ||     8
       Bite              |     3 |     1 |       ||     4
       Headbutt          |     1 |       |       ||     1
       Punch             |     1 |       |     1 ||     2
       Dagger            |       |       |    15 ||    15
 Cast: Beastly Appendage |    10 |       |       ||    10
       Spider Form       |     1 |     7 |    18 ||    26
       Sticks to Snakes  |       |     2 |    17 ||    19
 Abil: End Transformatio |       |       |     2 ||     2
Evoke: Wand              |       |     4 |     2 ||     6
  Use: Potion            |       |     1 |     8 ||     9
       Scroll            |       |       |    10 ||    10
 Stab: Sleeping          |     1 |     1 |    12 ||    14
       Distracted        |       |       |     1 ||     1
  Eat: Chunk             |       |       |     2 ||     2
       Ration            |       |       |     2 ||     2
Armor: Robe              |     5 |     1 |     3 ||     9
       Skin              |       |       |    13 ||    13
Dodge: Dodged            |    25 |    38 |   167 ||   230

Table legend:
 A = Turns spent in this place as a percentage of turns spent in the entire game.
 B = Non-inter-level travel turns spent in this place as a percentage of non-inter-level travel turns spent in the entire game.
 C = Inter-level travel turns spent in this place as a percentage of turns spent in this place.
 D = Turns resting spent in this place as a percentage of non-inter-level travel turns spent in this place.
 E = Turns spent auto-exploring this place as a percentage of non-inter-level travel turns spent in this place.
 F = Non-inter-level travel turns spent in this place divided by the number of levels of this place that you've seen.
                   A       B       C       D       E      F
               +-------+-------+-------+-------+-------+----------------------
         Total | 100.0 | 100.0 |   0.7 |   0.0 |   0.0 | 188.4
       Dungeon |  86.0 |  85.9 |   0.8 |   0.0 |   0.0 | 202.2
       Ossuary |  11.0 |  11.1 |   0.0 |   0.0 |   0.0 | 209.0
        Bailey |   3.0 |   3.0 |   0.0 |   0.0 |   0.0 |  57.0
               +-------+-------+-------+-------+-------+----------------------

Table legend:
 A = Kills in this place as a percentage of kills in entire the game.
 B = Kills by you in this place as a percentage of kills by you in the entire game.
 C = Kills by friends in this place as a percentage of kills by friends in the entire game.
 D = Other kills in this place as a percentage of other kills in the entire game.
 E = Experience gained in this place as a percentage of experience gained in the entire game.
 F = Experience gained in this place divided by the number of levels of this place that you have seen.
                   A       B       C       D       E      F
               +-------+-------+-------+-------+-------+----------------------
         Total | 100.0 | 100.0 | 100.0 |   N/A | 100.0 | 356.9
       Dungeon |  76.1 |  82.5 |  12.5 |   N/A |  84.1 | 375.1
       Ossuary |  17.0 |  11.2 |  75.0 |   N/A |   7.7 | 274.0
        Bailey |   6.8 |   6.2 |  12.5 |   N/A |   8.2 | 294.0
               +-------+-------+-------+-------+-------+----------------------

Vault maps used:
D:1:      dpeg_arrival_leaves_temple_mockup
D:3:      palyth_stone_intersect
D:4:      portal_sewer_entry_d, minmay_quantized, uniq_crazy_yiuf_cottage
D:5:      kennysheep_mini_moat, minmay_temple_entry_junction, first_ration,
          uniq_blork_the_orc, uniq_duvessa
D:6:      nicolae_ossuary_entry_catacombs, grunt_ministairs_5,
          lemuel_altar_in_water2
D:7:      marbit_many_paths, basic_altar, the_bakery
D:8:      eat_drink_and_be_merry_uskayaw, old_standard_altar, erik_lair_island,
          enter_bailey_2
Ossuary:  ossuary_minmay_tomb_2a
Bailey:   bailey_axe_of_yendor_kennysheep, bailey
